AoeStats
← Djurro

Arabia

509908693Analyzed
1v1 RM · 2d ago on Sep 28, 2026· 43m 21s· 2 players
Game mode
Random Map
Map size
Tiny (2 player)
Population
200
Speed
Normal
Resources
Standard
Victory
Conquest
Starting age
Dark Age
Ending age
Imperial Age
RankedLock teamsTeams togetherTeam positionsShared explorationLock speedFull tech treeHidden civsTurbo modeCheats
Victory
Defeat
🇮🇳 Hindustanis · India
956
+15
🇨🇿 Berbers · Czechia
943
-15
Djurro
2:22 Loom
10:28 Feudal Age
18:51 Castle Age
19:02 Forging
19:08 Pikeman
20:48 Double-Bit Axe
20:44 Horse Collar
21:51 Scale Mail Armor
22:44 Stone Mining
31:10 Imperial Age
29:28 Wheelbarrow
29:52 Squires
30:59 Iron Casting
31:01 Town Watch
31:14 Fletching
31:49 Ballistics
32:24 Conscription
33:13 Husbandry
34:23 Chemistry
35:37 Gold Mining
35:12 Heavy Camel Rider
37:43 Chain Mail Armor
38:33 Murder Holes
39:28 Scale Barding Armor
42:42 Masonry
Markus_Wolf
9:53 Feudal Age
8:09 Loom
11:03 Horse Collar
11:11 Double-Bit Axe
16:57 Castle Age
15:43 Gold Mining
19:08 Bow Saw
21:16 Heavy Plow
22:01 Stone Mining
22:46 Gold Shaft Mining
22:11 Pikeman
23:12 Scale Mail Armor
26:09 Town Watch
26:59 Wheelbarrow
31:21 Imperial Age
29:08 Hand Cart
28:55 Town Patrol
29:37 Gold Shaft Mining
29:35 Husbandry
29:45 Bloodlines
29:43 Grand Trunk Road
30:00 Chain Mail Armor
29:56 Forging
29:51 Squires
29:38 Arson
31:22 Forging
31:18 Scale Barding Armor
32:49 Conscription
32:00 Heavy Camel Rider
34:59 Chemistry
34:06 Siege Engineers
34:11 Masonry
35:03 Iron Casting
33:55 Elite Ghulam
34:15 Imperial Camel Rider
35:25 Elite Ghulam
38:33 Blast Furnace
37:54 Chain Barding Armor
43:18 Ballistics
42:54 Murder Holes
Connection lost

Rejoining the realm…

Still unreachable

The connection could not be restored.

Session expired

The server has moved on; the page needs a fresh start.